 Dungeon Crawl Stone Soup version 0.32-a0-931-g5a2cda0630 (webtiles) character file.

Game seed: 16581844811904341620

17852 Meejax the Carver (level 12, -6/86 HPs)
             Began as a Demonspawn Gladiator on Apr 13, 2024.
             Was a Priest of Sif Muna.
             Mangled by a skeletal warrior
             ... wielding a +0 glaive
              (11 damage)
             ... on level 12 of the Dungeon.
             The game lasted 00:30:43 (11358 turns).

Meejax the Carver (Demonspawn Gladiator)           Turns: 11358, Time: 00:30:43

Health: -6/86      AC: 18    Str: 21    XL:     12   Next: 22%
Magic:  22/22      EV: 17    Int: 18    God:    Sif Muna [***...]
Gold:   641        SH:  0    Dex: 24    Spells: 25/25 levels left

rFire   . . .        h - +9 demon blade "Hydraslayer" {drain, rElec Str+6}
rCold   . . .        (no shield)
rNeg    + . .        b - +0 leather armour
rPois   +            c - +0 helmet
rElec   +            I - +1 cloak
rCorr   .            f - +0 pair of gloves
SInv    .            (no boots)
Will    .....        p - amulet "Ysyth" {Faith +Blink rElec rN+ Int+2}
Stlth   +++          v - +6 ring of dexterity
HPRegen 2.34/turn    u - +6 ring of intelligence
MPRegen 0.18/turn

%: faith
@: sanguine armoured
A: powered by death 2, sanguine armour 2, demonic magic 2, demonic touch 2,
frail 1, poison resistance, shaggy fur 1, wild magic 1
a: Renounce Religion, Evoke Blink, Channel Magic, Forget Spell


You were on level 12 of the Dungeon.
You worshipped Sif Muna.
Sif Muna was most pleased with you.
You visited 2 branches of the dungeon, and saw 13 of its levels.
You also visited: Sewer.

You collected 883 gold pieces.
You spent 242 gold pieces at shops.

Inventory:

Hand Weapons
 a - a +1 heavy long sword
 h - the +9 demon blade "Hydraslayer" (weapon) {drain, rElec Str+6}
   (You acquired it in a sewer)

   Str+6:     It affects your strength (+6).
   rElec:     It insulates you from electricity.
Missiles
 d - a throwing net (quivered)
 e - a javelin
Armour
 b - a +0 leather armour (worn)
 c - a +0 helmet (worn)
 f - a +0 pair of gloves (worn)
 j - the +1 chain mail of the Poles {Dex+5}
   (You found it on level 11 of the Dungeon)

   Dex+5:     It affects your dexterity (+5).
 r - a +0 ring mail
 I - a +1 cloak (worn)
Jewellery
 k - a ring of protection from cold
 n - an amulet of the acrobat
 p - the amulet "Ysyth" (around neck) {Faith +Blink rElec rN+ Int+2}
   (You acquired it in a sewer)

   [amulet of faith]

   Faith:     It allows you to gain divine favour quickly.
   Int+2:     It affects your intelligence (+2).
   rElec:     It insulates you from electricity.
   rN+:       It protects you from negative energy.
   +Blink:    It lets you blink.
 u - a +6 ring of intelligence (right hand)
 v - a +6 ring of dexterity (left hand)
 B - an amulet of guardian spirit
 D - a ring of positive energy
 F - a ring of positive energy
 G - an amulet of magic regeneration
 L - a +4 ring of protection
Wands
 y - a wand of polymorph (8)
 z - a wand of paralysis (9)
 H - a wand of roots (7)
Scrolls
 o - 3 scrolls of enchant weapon
 s - 2 scrolls of immolation
 w - a scroll of poison
 C - a scroll of enchant armour
 E - a scroll of teleportation
 K - a scroll of identify
Potions
 g - 5 potions of curing
 i - 2 potions of magic
 l - a potion of brilliance
 m - 2 potions of resistance
 q - 2 potions of might
 t - 4 potions of haste
 x - 3 potions of enlightenment
Miscellaneous
 A - a Gell's gravitambourine (2/2)


   Skills:
 + Level 9.4 Fighting
 + Level 12.3 Long Blades
 + Level 2.1 Throwing
 + Level 5.8 Armour
 + Level 7.5 Dodging
 + Level 4.9 Stealth
 + Level 7.0 Spellcasting
 + Level 0.9 Evocations


You had 25 spell levels left.
You didn't know any spells.
Your spell library contained the following spells:

 Spells                   Type           Power      Damage    Failure   Level
 Kiss of Death            Conj/Necr      32%        2d7       17%         1
 Sandblast                Erth           16%        2d6       17%         1
 Blink                    Tloc           16%        N/A       26%         2
 Lesser Beckoning         Tloc           16%        N/A       26%         2
 Momentum Strike          Conj/Tloc      16%        3d8       26%         2
 Static Discharge         Conj/Air       16%        3-4/arc   26%         2
 Call Canine Familiar     Summ           8%         N/A       45%         3
 Confusing Touch          Hex            8%         N/A       45%         3
 Sigil of Binding         Hex            8%         N/A       45%         3
 Stone Arrow              Conj/Erth      16%        3d8       45%         3
 Airstrike                Air            4%         2d(1-17)  83%         4
 Brom's Barrelling Bould  Conj/Erth      8%         2d3       83%         4
 Dimensional Bullseye     Hex/Tloc       4%         N/A       83%         4
 Dispel Undead            Necr           8%         3d8       83%         4
 Ignite Poison            Fire/Alch      8%         N/A       83%         4
 Sticky Flame             Fire/Alch      8%         2d4       83%         4
 Summon Lightning Spire   Summ/Air       8%         N/A       83%         4
 Ignition                 Fire           4%         3d4       100%        8


Dungeon Overview and Level Annotations

Branches:
Dungeon (12/15)            Temple (1/1) D:5            Lair (0/5) D:11
  Sewer (visited)
    Orc: D:9-12

Altars:
Ashenzari
Cheibriados
Dithmenos
Fedhas
Gozag
Hepliaklqana
Kikubaaqudgha
Makhleb
Nemelex Xobeh
Okawaru
Qazlal
Ru
Sif Muna
Trog
Uskayaw
Vehumet
Wu Jian
Xom
Yredelemnul

Shops:
D:7 (((:=

Annotations:
D:11 2 transporters


Innate Abilities, Weirdness & Mutations

You regenerate health from kills.
When seriously injured, your blood forms thick armour. (AC +9)
Spells you cast may paralyse nearby enemies.
Your touch may inflict irresistible damage on your foes.
You are frail. (-10% HP)
Your system is resistant to poisons. (rPois)
You are covered in fur. (AC +1)
Your spells are a little harder to cast, but a little more powerful.


Message History

The skeletal warrior is lightly damaged.
You slice the skeletal warrior!!
You touch the skeletal warrior!
The skeletal warrior is severely damaged.
The skeletal warrior hits you with a +0 hand axe.
You barely miss the skeletal warrior.
The skeletal warrior is severely damaged.
The skeletal warrior hits you from afar with a +0 glaive.
The skeletal warrior completely misses you.
You slash the skeletal warrior!
The skeletal warrior is severely damaged.
The skeletal warrior completely misses you.
The skeletal warrior closely misses you.
You hit the skeletal warrior but do no damage.
You touch the skeletal warrior!
The skeletal warrior is almost destroyed.
You closely miss the skeletal warrior.
The skeletal warrior is almost destroyed.
The skeletal warrior hits you from afar with a +0 glaive.
The skeletal warrior misses you.
You barely miss the skeletal warrior.
The skeletal warrior is almost destroyed.
The skeletal warrior hits you from afar with a +0 glaive!!
The skeletal warrior misses you.
You closely miss the skeletal warrior.
The skeletal warrior is almost destroyed.
You slice the skeletal warrior!!
You destroy the skeletal warrior!
Sif Muna accepts your kill.
The skeletal warrior hits you from afar with a +0 glaive!
* * * LOW HITPOINT WARNING * * *
The skeletal warrior misses you. x2
Things that are here:
a +0 hand axe; a +0 short sword The skeletal warrior completely misses you.
You slash the skeletal warrior!
You touch the skeletal warrior!
The skeletal warrior is moderately damaged.
The skeletal warrior hits you with a +0 flail!!
* * * LOW HITPOINT WARNING * * *
The skeletal warrior hits you from afar with a +0 glaive!
You die...

#...... #########......
#..............
##########.#### #.### #...#
############'##
#######+#######..............
.........#zz@.'..............
.........'z####..........(...
V........### #.<............
.........# #..............
.........# #..............
########## ###############


You could see 3 skeletal warriors.

Vanquished Creatures
  2 two-headed ogres
  Amaemon (D:10)
  A fire crab (D:11)
  2 skeletal warriors (D:12)
  Pikel (D:4)
  2 cyclopes
  A spectral centaur (D:11)
  2 centaur zombies (D:11)
  An orange demon (D:10)
  2 centaur skeletons (D:11)
  A gargoyle (D:11)
  Maggie (D:6)
  Jeremiah (D:6)
  A kobold demonologist (D:10)
  2 trolls
  Grinder (D:6)
  3 slime creatures (D:11)
  A shadow (D:9)
  2 wraiths
  A wyvern (D:9)
  A human (shapeshifter) (D:11)
  5 yaks (D:8)
  5 vampire mosquitoes (D:10)
  Menkaure (D:4)
  A water moccasin (D:7)
  6 orc warriors
  A sky beast (D:7)
  2 black bears (D:7)
  2 ice beasts
  A wolf (D:7)
  An ogre (D:5)
  7 centaurs
  A phantom (D:4)
  6 kobold brigands
  2 lemures (D:4)
  2 bullfrogs
  5 gnoll sergeants
  A scorpion (D:6)
  4 wights (D:7)
  31 killer bees
  3 howler monkeys
  8 electric eels (D:10)
  A bombardier beetle (D:3)
  6 hounds
  A jelly (D:5)
  A gnoll bouda (D:7)
  A sleepcap (D:4)
  10 orc priests
  Ijyb (D:4)
  An iguana (D:5)
  14 orc wizards
  Terence (D:2)
  Robin (D:4)
  26 gnolls
  10 adders
  4 river rats (Sewer)
  3 shadow imps
  A dart slug (D:3)
  A ribbon worm (D:3)
  40 orcs
  6 endoplasms
  9 giant cockroaches
  14 goblins
  11 hobgoblins
  5 jackals
  41 kobolds
  7 quokkas
  13 ball pythons
  6 bats
  4 frilled lizards
  23 rats
387 creatures vanquished.

Vanquished Creatures (others)
  A centaur (D:12)
1 creature vanquished.

Grand Total: 388 creatures vanquished

Notes
Turn   | Place    | Note
-------+----------+-------------------------------------------
     0 | D:1      | Meejax the Demonspawn Gladiator began the quest for the
                  | Orb.
     0 | D:1      | Reached XP level 1. HP: 16/16 MP: 1/1
   131 | D:1      | Gained mutation: Your touch may inflict minor irresistible
                  | damage on your foes. [demonic ancestry]
   131 | D:1      | Reached XP level 2. HP: 22/22 MP: 2/2
   313 | D:1      | Reached skill level 3 in Long Blades
   679 | D:2      | Gained mutation: When seriously injured, your blood forms
                  | armour. (AC +9) [demonic ancestry]
   679 | D:2      | Reached XP level 3. HP: 27/27 MP: 3/3
   992 | D:2      | Noticed Terence
  1002 | D:2      | Killed Terence
  1003 | D:2      | Reached skill level 1 in Armour
  1003 | D:2      | Gained mutation: Spells you cast may paralyse adjacent
                  | enemies. [demonic ancestry]
  1003 | D:2      | Reached XP level 4. HP: 14/33 MP: 4/4
  1117 | D:2      | Found a bloodstained altar of Trog.
  1224 | D:1      | Reached skill level 1 in Stealth
  1578 | D:3      | Found a faded altar of an unknown god.
  1741 | D:3      | Gained mutation: Spells you cast may paralyse nearby
                  | enemies. [demonic ancestry]
  1741 | D:3      | Reached XP level 5. HP: 39/39 MP: 5/5
  1757 | D:3      | Reached skill level 4 in Long Blades
  1852 | D:3      | Found a burning altar of Makhleb.
  2131 | D:3      | Found an ancient bone altar of Kikubaaqudgha.
  2132 | D:3      | Found an iron altar of Okawaru.
  2134 | D:3      | Found a sacrificial altar of Ru.
  2135 | D:3      | Found a snail-covered altar of Cheibriados.
  2358 | D:3      | Reached skill level 1 in Spellcasting
  2629 | D:4      | Found a glowing drain.
  2677 | Sewer    | Entered a sewer
  2714 | Sewer    | Gained mutation: You have hidden genetic potential. [potion
                  | of mutation]
  2714 | Sewer    | Gained mutation: You are dopey. (Int -2) [potion of
                  | mutation]
  2714 | Sewer    | Gained mutation: Your system is resistant to poisons.
                  | (rPois) [potion of mutation]
  2730 | Sewer    | Reached XP level 6. HP: 20/46 MP: 6/8
  2749 | Sewer    | Identified 2 scrolls of acquirement
  2749 | Sewer    | Acquired the +9 demon blade "Hydraslayer" {drain, rElec
                  | Str+6}
  2937 | Sewer    | Reached skill level 5 in Fighting
  2937 | Sewer    | Reached skill level 6 in Long Blades
  2937 | Sewer    | Reached skill level 5 in Armour
  2937 | Sewer    | Reached skill level 5 in Dodging
  2937 | Sewer    | Gained mutation: Your touch may inflict irresistible damage
                  | on your foes. [demonic ancestry]
  2937 | Sewer    | Reached XP level 7. HP: 45/57 MP: 9/17
  2962 | Sewer    | Gained mutation: You are covered in fur. (AC +1) [hidden
                  | potential]
  3220 | Sewer    | Acquired the amulet "Ysyth" {Faith +Blink rElec rN+ Int+2}
  3365 | D:4      | Noticed Pikel
  3385 | D:4      | Killed Pikel
  3386 | D:4      | Reached skill level 7 in Long Blades
  3386 | D:4      | Gained mutation: When seriously injured, your blood forms
                  | thick armour. (AC +9) [demonic ancestry]
  3386 | D:4      | Reached XP level 8. HP: 52/64 MP: 18/18
  3392 | D:4      | Gained mutation: Your skin changes colour to match your
                  | surroundings (Stealth+). [hidden potential]
  3392 | D:4      | Lost mutation: You have hidden genetic potential. [hidden
                  | potential expressed]
  3466 | D:4      | Found a hide-covered altar of Uskayaw.
  3583 | D:4      | Identified the +1 quarterstaff "Tiumic" {flame, rF+}
  3725 | D:4      | Noticed Robin
  3740 | D:4      | Killed Robin
  3745 | D:4      | Noticed Ijyb
  3750 | D:4      | Paralysed by Ijyb for 5 turns
  3758 | D:4      | Killed Ijyb
  3789 | D:4      | Noticed Menkaure
  3797 | D:4      | Killed Menkaure
  4085 | D:5      | Entered Level 5 of the Dungeon
  4538 | D:5      | Found a staircase to the Ecumenical Temple.
  4791 | Temple   | Entered the Ecumenical Temple
  4856 | D:6      | Noticed a troll
  4859 | D:6      | Killed a troll
  4860 | D:6      | Gained mutation: You regenerate a little health from kills.
                  | [demonic ancestry]
  4860 | D:6      | Reached XP level 9. HP: 63/69 MP: 19/19
  4920 | D:6      | Lost mutation: Your skin changes colour to match your
                  | surroundings (Stealth+). [potion of mutation]
  4920 | D:6      | Lost mutation: You are dopey. (Int -2) [potion of mutation]
  4920 | D:6      | Gained mutation: You are frail. (-10% HP) [potion of
                  | mutation]
  4920 | D:6      | Gained mutation: Your spells are a little harder to cast,
                  | but a little more powerful. [potion of mutation]
  5050 | D:6      | Noticed Jeremiah
  5056 | D:6      | Killed Jeremiah
  5057 | D:6      | Reached skill level 8 in Long Blades
  5099 | D:6      | Noticed Grinder
  5103 | D:6      | Killed Grinder
  5234 | D:6      | Noticed Maggie
  5243 | D:6      | Killed Maggie
  5514 | D:7      | Found Vyequuj's Weapon Emporium.
  5708 | D:7      | Found Ochetsec's Jewellery Shoppe.
  5852 | D:7      | Found Sisku's Weapon Emporium.
  5859 | D:7      | Found Alaetimpe's Antique Weapon Shoppe.
  5930 | D:7      | Found Zueq's Book Boutique.
  5943 | D:7      | Bought a book of Touch for 242 gold pieces
  5957 | D:7      | Reached XP level 10. HP: 69/69 MP: 20/20
  6136 | D:7      | Reached skill level 9 in Long Blades
  6833 | D:8      | Identified the +4 ring mail of the Moon {^Drain rF+++
                  | Str-4}
  7341 | D:9      | Found an opulent altar of Gozag.
  7620 | D:9      | Found a basalt altar of Yredelemnul.
  7740 | D:9      | Found a shadowy altar of Dithmenos.
  7770 | D:9      | Reached skill level 10 in Long Blades
  7790 | D:9      | Became a worshipper of Dithmenos the Shadowed
  8040 | D:9      | Found a shimmering blue altar of Sif Muna.
  8059 | D:9      | Fell from the grace of Dithmenos
  8059 | D:9      | Became a worshipper of Sif Muna the Loreminder
  8207 | D:9      | Reached XP level 11. HP: 75/75 MP: 21/21
  8309 | D:10     | Entered Level 10 of the Dungeon
  8463 | D:10     | Reached * piety under Sif Muna
  8589 | D:10     | Noticed a two-headed ogre
  8595 | D:10     | Killed a two-headed ogre
  8811 | D:10     | Noticed Amaemon
  8825 | D:10     | Killed Amaemon
  8831 | D:10     | Reached skill level 11 in Long Blades
  9282 | D:10     | Found a stormy altar of Qazlal.
  9282 | D:10     | Found a radiant altar of Vehumet.
  9414 | D:11     | Noticed an entropy weaver
  9414 | D:11     | Found a transporter.
  9414 | D:11     | Found a transporter.
  9613 | D:10     | Noticed a centaur warrior
  9613 | D:10     | Noticed a green ugly thing
  9613 | D:10     | Noticed a boulder beetle
  9770 | D:11     | Reached ** piety under Sif Muna
  9983 | D:11     | Identified the +1 chain mail of the Poles {Dex+5}
 10087 | D:11     | Noticed a centaur warrior
 10087 | D:11     | Noticed a five-headed hydra
 10087 | D:11     | Noticed an ogre mage
 10087 | D:11     | Noticed a two-headed ogre
 10087 | D:11     | Noticed a two-headed ogre
 10087 | D:11     | Noticed a two-headed ogre
 10088 | D:11     | Noticed a two-headed ogre
 10089 | D:11     | Noticed a two-headed ogre
 10373 | D:11     | Found a staircase to the Lair.
 10373 | D:11     | Noticed a fire crab
 10398 | D:11     | Killed a fire crab
 10758 | D:12     | Noticed a two-headed ogre
 10761 | D:12     | Gained mutation: You regenerate health from kills. [demonic
                  | ancestry]
 10761 | D:12     | Reached XP level 12. HP: 77/85 MP: 22/22
 10767 | D:12     | Killed a two-headed ogre
 10768 | D:12     | Reached skill level 12 in Long Blades
 10993 | D:12     | Reached *** piety under Sif Muna
 11358 | D:12     | Mangled by a skeletal warrior

Illustrated notes

Levels and vault maps discovered:
D:1:      nicolae_arrival_memento_mori, layout_rooms,
          chequers_serial_rivers_micro_a
D:2:      layout_basic, basic_altar, grunt_ministairs_13,
          hangedman_decor_growths, uniq_terence
D:3:      layout_loops_ring, minitemple, lemuel_crystal_altar,
          shapermc_ecumenical_altar_mp_ritualfount, minmay_quadrilaterals
D:4:      layout_basic, kennysheep_little_box, portal_sewer_entry_f,
          hangedman_decor_opposing, uniq_pikel, uniq_robin, uniq_menkaure,
          uniq_ijyb
D:5:      minmay_general_purpose_star, layout_basic, temple_green
D:6:      layout_basic, minmay_misc_feat_more_columns, grunt_decor_one_mirror,
          uniq_maggie, uniq_grinder, uniq_jeremiah
D:7:      layout_cave_pools, dreamdust_divine_triumvirate, serial_gnoll_camp,
          gnoll_camp_mini_hut, gnoll_camp_mini_basic, gnoll_camp_mini_doghouse,
          gnoll_camp_mini_sergeant, gnoll_camp_mini_basic, serial_shops, shop,
          shop, nicolae_shop_tiny_waterfront, nicolae_shop_back_alley_shop, shop
D:8:      layout_rooms, eino_jars
D:9:      layout_long_grid, marbit_many_paths, grunt_dithmenos_shadows,
          grunt_gozag_breadcrumbs, led_sif_book, minmay_misc_feat_rugged,
          minivault_4
D:10:     layout_basic, gammafunk_temple_overflow_wave, hangedman_decor_push,
          uniq_amaemon
D:11:     layout_basic, minmay_lair_entry_lava, hangedman_weighted_door,
          nicolae_diode_stairs
D:12:     layout_roguey, david_orc_4, roderic_roman_lattice,
          grunt_ministairs_11, uniq_urug
Temple:   nicolae_temple_ecumenical_triangle

Skill      XL: |  1  2  3  4  5  6  7  8  9 10 11 12 |
---------------+-------------------------------------+-----
Throwing       | 2 |  2.1
Long Blades    | 3 4 6 7 8 10 11 12 | 12.3
Dodging        | 3 5 6 7 |  7.5
Armour         | 1 2 5 |  5.8
Stealth        | 1 3 4 |  4.9
Spellcasting   | 1 6 7 |  7.0
Fighting       | 5 6 7 9 |  9.4
Evocations     | |  0.9

Action                     |  1- 3 |  4- 6 |  7- 9 | 10-12 || total
---------------------------+-------+-------+-------+-------++-------
  Melee: Long sword        |    78 |   115 |       |       ||   193
         Touch             |     6 |    25 |    21 |    81 ||   133
         Demon blade       |       |     4 |   179 |   451 ||   634
  Throw: Throwing net      |       |       |     1 |     1 ||     2
Ability: Evoke Blink       |       |       |     1 |     1 ||     2
    Use: Potion            |       |     6 |     5 |     3 ||    14
         Scroll            |       |     8 |     8 |     9 ||    25
   Stab: Sleeping          |       |     6 |     9 |     9 ||    24
         Invisible         |       |       |     5 |       ||     5
         Held in net/web   |       |       |       |     1 ||     1
 Armour: Leather armour    |    47 |    64 |   132 |   370 ||   613
         Ring mail         |    16 |    22 |       |       ||    38
  Dodge: Dodged            |    69 |   123 |   122 |   518 ||   832

Table legend: (Time is in decaauts)
 A = Elapsed time spent in this place.
 B = Non-inter-level travel time spent in this place.
 C = Inter-level travel time spent in this place.
 D = Time resting spent in this place.
 E = Time spent auto-exploring this place.
 F = Levels seen in this place.
 G = Mean time per level.
                   A        B        C        D        E       F      G
               +--------+--------+--------+--------+--------+-----+--------+
         Total |  11366 |  10552 |    814 |    961 |   7233 |  14 |  811.9 |
       Dungeon |  10742 |   9933 |    809 |    813 |   6969 |  12 |  895.2 |
        Temple |     21 |     16 |      5 |      0 |      0 |   1 |   21.0 |
         Sewer |    602 |    602 |      0 |    148 |    263 |   1 |  602.0 |
               +--------+--------+--------+--------+--------+-----+--------+

Top non-repeatable levels by time:
    D:10: 1304 daAuts
     D:9: 1061 daAuts
     D:4: 1045 daAuts
     D:3: 996 daAuts
    D:11: 941 daAuts
     D:7: 867 daAuts
     D:2: 849 daAuts
     D:1: 846 daAuts
     D:5: 790 daAuts
     D:8: 702 daAuts
    D:12: 689 daAuts
     D:6: 646 daAuts
   Sewer: 602 daAuts
  Temple: 21 daAuts
